 Dungeon Crawl Stone Soup version 0.29-a0-275-g389c0b56f3 (webtiles) character file.

Game seed: 10116460338780128715

352408 jfcaron the Fencer (level 22, -21/178 HPs)
             Began as a Gnoll Wanderer on Mar 6, 2022.
             Was the Champion of Cheibriados.
             Killed from afar by a deep elf sorcerer (49 damage)
             ... with a bolt of acid
             ... in a wizard's laboratory on Mar 11, 2022.
             The game lasted 04:40:42 (67986 turns).

jfcaron the Fencer (Gnoll Wanderer)                Turns: 67986, Time: 04:40:42

Health: -21/178    AC: 38    Str: 40      XL:     22   Next: 25%
Magic:  11/41      EV: 20    Int: 34      God:    Cheibriados [******]
Gold:   1134       SH: 22    Dex: 25 (26) Spells: 21/51 levels left

rFire   . . .      SeeInvis +   a - +9 double sword (elec)
rCold   . . .      Faith    .   T - +2 kite shield {rPois}
rNeg    + . .      Spirit   .   n - +10 plate armour {ponderous}
rPois   +          Reflect  +   E - +1 helmet {Int+3}
rElec   .          Harm     .   R - +1 cloak {Will+}
rCorr   .          Rampage  .   B - +1 pair of gloves
Will    ++...      Clarity  +   U - +2 pair of boots
Stlth   ++........              c - amulet "Viulajiuf" {Reflect Str+6 SH+5 SInv}
HPRegen 0.39/turn               Q - +4 ring of protection
MPRegen 0.27/turn               u - ring of positive energy

@: corroded, studying 2 skills, very slow
A: fangs 1, strong nose, distributed training, clarity, subdued magic 1
}: 2/15 runes: decaying, gossamer
a: Renounce Religion, Bend Time, Temporal Distortion, Slouch, Step From Time


You were in a wizard's laboratory.
You worshipped Cheibriados.
Cheibriados was exalted by your worship.
You visited 9 branches of the dungeon, and saw 39 of its levels.
You visited 1 bazaar.
You also visited: Gauntlet, Ice Cave and Wizlab.

You collected 5546 gold pieces.
You spent 4412 gold pieces at shops.

Inventory:

Hand Weapons
 a - a +9 double sword of electrocution (weapon)
 b - a +3 vorpal hand crossbow
Missiles
 s - 6 throwing nets {!f}
 t - 12 curare-tipped darts {!f}
 K - 3 silver javelins {!f}
 V - 9 boomerangs of dispersal
Armour
 n - a +10 plate armour of ponderousness (worn)
 B - a +1 pair of gloves (worn)
 E - a +1 helmet of intelligence (worn)
 R - a +1 cloak of willpower (worn)
 T - a +2 kite shield of poison resistance (worn)
 U - a +2 pair of boots (worn)
Jewellery
 c - the amulet "Viulajiuf" (around neck) {Reflect Str+6 SH+5 SInv}
   (You acquired it on level 5 of the Lair of Beasts)

   [amulet of reflection]

   It reflects blocked missile attacks.
   Str:       It affects your strength (+6).
   SInv:      It lets you see invisible.
   SH:        It affects your SH (+5).
 p - the ring of Jamykoer {Fly rElec MP+9}
   (You found it in a Gauntlet)

   [ring of flight]

   rElec:     It insulates you from electricity.
   MP:        It affects your magic capacity (+9).
   Fly:       It grants you flight.
 u - a ring of positive energy (right hand)
 H - a ring of ice
 J - a ring of protection from fire
 Q - a +4 ring of protection (left hand)
Wands
 y - a wand of iceblast (14)
 W - a wand of digging (28)
 X - a wand of paralysis (5)
Scrolls
 e - 6 scrolls of fear
 h - 3 scrolls of holy word
 j - 3 scrolls of summoning
 o - 18 scrolls of teleportation
 q - 8 scrolls of fog
 A - 8 scrolls of vulnerability
 C - 12 scrolls of immolation
 I - 4 scrolls of blinking
 N - 3 scrolls of silence
Potions
 g - 5 potions of magic
 i - 2 potions of brilliance
 k - 10 potions of heal wounds
 m - 7 potions of lignification
 v - 15 potions of curing
 w - 6 potions of might
 z - 8 potions of attraction
 D - 8 potions of cancellation
 F - 8 potions of ambrosia
 G - 10 potions of flight
 L - 2 potions of resistance
 P - 2 potions of invisibility
 Y - 11 potions of mutation
 Z - 3 potions of berserk rage
Miscellaneous
 f - a box of beasts
 r - a condenser vane
 M - a tin of tremorstones (inert)
 O - a lightning rod (4/4)
 S - a phial of floods


   Skills:
 + Level 16.2 Fighting
 + Level 15.0 Short Blades
 + Level 20.4 Long Blades
 + Level 15.0 Axes
 + Level 15.0 Maces & Flails
 + Level 15.0 Polearms
 + Level 15.0 Staves
 + Level 15.0 Slings
 + Level 15.0 Bows
 + Level 15.0 Crossbows
 + Level 15.0 Throwing
 + Level 15.0 Armour
 + Level 15.0 Dodging
 + Level 15.2 Stealth
 + Level 15.0 Shields
 + Level 15.0 Unarmed Combat
 + Level 15.0 Spellcasting
 + Level 12.7 Conjurations
 + Level 12.7 Hexes
 + Level 12.7 Summonings
 + Level 12.7 Necromancy
 + Level 12.7 Translocations
 + Level 12.7 Transmutations
 + Level 12.7 Fire Magic
 + Level 15.4 Ice Magic
 + Level 12.7 Air Magic
 + Level 12.7 Earth Magic
 + Level 12.7 Poison Magic
 + Level 16.4 Invocations
 + Level 15.0 Evocations


You had 21 spell levels left.
You knew the following spells:

 Your Spells              Type           Power      Damage    Failure   Level
a - Passwall              Tmut/Erth      60%        N/A       1%          2
b - Mephitic Cloud        Conj/Pois/Air  72%        N/A       1%          3
c - Frozen Ramparts       Ice            100%       1d12      1%          3
d - Ozocubu's Armour      Ice            79%        N/A       1%          3
e - Flame Wave            Conj/Fire      72%        2d13      1%          4
f - Lee's Rapid Deconstr  Erth           36%        3d19*     1%          5
g - Irradiate             Conj/Tmut      36%        3d25      1%          5
h - Freezing Cloud        Conj/Ice/Air   37%        6-21      1%          5

Your spell library contained the following spells:

 Spells                   Type           Power      Damage    Failure   Level
 Magic Dart               Conj           100%       1d8       1%          1
 Pain                     Necr           100%       1d9       1%          1
 Sandblast                Erth           100%       2d20      1%          1
 Call Imp                 Summ           72%        N/A       1%          2
 Ensorcelled Hibernation  Hex/Ice        100%       N/A       1%          2
 Searing Ray              Conj           100%       2d8       1%          2
 Sublimation of Blood     Necr           72%        N/A       1%          2
 Dazzling Flash           Conj/Hex       100%       N/A       1%          3
 Stone Arrow              Conj/Erth      100%       3d13      1%          3
 Summon Guardian Golem    Hex/Summ       72%        N/A       1%          3
 Swiftness                Air            72%        N/A       1%          3
 Fulminant Prism          Conj/Hex       36%        3d18      1%          4
 Ice Form                 Ice/Tmut       75%        N/A       1%          4
 Iskenderun's Mystic Bla  Conj/Tloc      72%        2d15      1%          4
 Leda's Liquefaction      Hex/Erth       36%        N/A       1%          4
 Petrify                  Tmut/Erth      72%        N/A       1%          4
 Sticky Flame             Conj/Fire      72%        2d9       1%          4
 Summon Ice Beast         Ice/Summ       75%        N/A       1%          4
 Agony                    Necr           72%        N/A       1%          5
 Excruciating Wounds      Necr           36%        N/A       1%          5
 Metabolic Englaciation   Hex/Ice        37%        N/A       1%          5
 Silence                  Hex/Air        36%        N/A       1%          5
 Simulacrum               Ice/Necr       37%        N/A       3%          6
 Iron Shot                Conj/Erth      36%        9d7       7%          6
 Starburst                Conj/Fire      36%        6d11      7%          6
 Statue Form              Tmut/Erth      48%        N/A       7%          6
 Ozocubu's Refrigeration  Ice            39%        4d12      13%         7
 Summon Hydra             Summ           36%        N/A       36%         7
 Borgnjor's Revivificati  Necr           36%        N/A       97%         8
 Necromutation            Tmut/Necr      36%        N/A       97%         8
 Chain Lightning          Conj/Air       36%        3d48      100%        9
 Death's Door             Necr           36%        N/A       100%        9
 Fire Storm               Conj/Fire      36%        8d9       100%        9
 Polar Vortex             Ice            39%        N/A       100%        9
 Shatter                  Erth           36%        3d29*     100%        9


Dungeon Overview and Level Annotations

Branches:
Dungeon (15/15)            Temple (1/1) D:6            Lair (6/6) D:10
  Swamp (4/4) Lair:3       Spider (4/4) Lair:2        Slime (0/5) Lair:6
    Orc (2/2) D:11            Elf (2/3) Orc:2        Vaults (4/5) D:13
  Crypt (1/3) Vaults:2     Depths (0/4) D:15          IceCv (visited)
 WizLab (1/1)             Gauntlet (visited)

Altars:
Ashenzari
Cheibriados
Dithmenos
Elyvilon
Fedhas
Gozag
Hepliaklqana
Kikubaaqudgha
Makhleb
Nemelex Xobeh
Okawaru
Qazlal
Ru
Sif Muna
Trog
Uskayaw
Vehumet
Wu Jian
Xom
Yredelemnul
Zin
The Shining One
Beogh

Shops:
D:2 *!(::   D:6 [   Orc:2 ?!(=   Elf:2 [=::   Vaults:1 :   Vaults:2 [

Annotations:
Vaults:1 2 transporters WizLab exclusion: 2 doors


Innate Abilities, Weirdness & Mutations

You have very sharp teeth.
Your uncanny sense of smell can sniff out nearby items.
Your experience applies equally to all skills.
You possess an exceptional clarity of mind.
Your spells are a little easier to cast, but a little less powerful.


Message History

The worldbinder is severely damaged.
The deep elf pyromancer burns!
The deep elf pyromancer is engulfed in degeneration.
The deep elf pyromancer gestures at you while chanting.
The sticky flame misses you.
The worldbinder is engulfed in degeneration.
The worldbinder closely misses you. You block the worldbinder's attack.
The deep elf pyromancer closely misses you.
You slice the worldbinder!!
You destroy the worldbinder!
Cheibriados thoroughly appreciates the change of pace.
The deep elf pyromancer disappears in a puff of smoke! x2
The deep elf knight disappears in a puff of smoke!
Something unseen opens the door.
A deep elf sorcerer comes into view. It is wielding a +0 dagger.
The deep elf sorcerer points at you and mumbles some strange words.
The sphere of damnation explodes!
The damnation engulfs you!!
The deep elf sorcerer shouts, "You are history!"
You hear a shout! x5
You see here a ghost moth corpse.
The deep elf sorcerer gestures at you while chanting.
The bolt of acid hits you!!
A worldbinder comes into view.
The deep elf sorcerer casts a spell.
The deep elf sorcerer seems to speed up.
There is a large open door here.
Unknown command.
The worldbinder calls forth creatures from the Elven Halls!
Unknown command.
You barely miss the deep elf sorcerer. Your bite misses the deep elf sorcerer.
You block the deep elf sorcerer's attack.
You slash the deep elf sorcerer!
The deep elf sorcerer is lightly wounded.
The deep elf sorcerer casts a spell at you.
The bolt of acid hits you!!
* * * LOW HITPOINT WARNING * * *
The acid corrodes you!
The deep elf sorcerer gestures at you while chanting.
The bolt of acid hits you!!!
You die...

∆ ∆ #+## #... #.. ∆ ∆
#'########+#
##########....88....#
#§§§....@e..x.......#
#§§§≈≈≈..'†..†...8..#
#§§§≈≈≈≈.#...e......#.
#§§≈≈≈≈≈.#.....)....'.
#..≈≈≈≈..#..§$$$$..(#.
########....!...#..§§$$$...#
##......##'#######..§§§§$.!.#
♣............#∆∆
#..§§§§§...'. .............#
#..........#.


You could see a deep elf sorcerer (fast), a worldbinder and a deep elf
zephyrmancer (summoned).

Vanquished Creatures
  Sojobo (Vaults:4)
  the Lernaean hydra (Swamp:4)
  Bai Suzhen (Spider:3)
  Nikola (Spider:1)
  Arachne (Spider:3)
  Jorgrun (D:13)
  A tentacled monstrosity (Swamp:3)
  Rupert (Spider:1)
  Asterion (Spider:4)
  A deep elf blademaster (Elf:2)
  A sphinx (Vaults:2)
  An ancient champion (Crypt:1)
  Frances (Spider:1)
  Agnes (Spider:1)
  A tentacled starspawn (WizLab)
  Kirke (Spider:1)
  Roxanne (Spider:4)
  4 tengu reavers (Vaults:4)
  The ghost of Strat the Peltast, an adept TeAE of Vehumet (Swamp:4)
  Donald (Vaults:2)
  A deep elf sorcerer (Elf:1)
  The ghost of Eveboq the Devastator, an adept HuCj of Vehumet (Elf:2)
  4 emperor scorpions
  3 frost giants
  10 vault wardens
  7 ghost moths
  An iron dragon (Vaults:4)
  5 ghouls
  2 war gargoyles
  11 broodmothers
  15 ironbound preservers
  6 very ugly things
  A stone giant (WizLab)
  3 ironbound thunderhulks
  2 minotaurs
  A deep elf demonologist (Vaults:2)
  14 dire elephants
  7 eleionomae
  3 entropy weavers
  The ghost of petzl the Thaumaturge, a journeyman FoAM of Vehumet (Orc:2)
  2 bunyips
  A spark wasp (Spider:4)
  A deep elf high priest (WizLab)
  Josephine (Lair:5)
  2 great orbs of eyes
  A shambling mangrove (Swamp:4)
  3 vault guards
  4 yaktaur captains
  Harold (D:11)
  A catoblepas (Lair:6)
  A rakshasa (D:15)
  15 hydras
  4 jorogumos
  A peacekeeper (Vaults:2)
  6 boulder beetles
  3 ghost crabs
  16 centaur warriors
  A spriggan air mage (Swamp:4)
  2 radroaches
  6 ironbound frosthearts
  6 ogre magi
  7 alligators
  24 two-headed ogres
  16 dancing weapons
  A death knight (D:12)
  2 tengu warriors (D:15)
  A death scarab (Spider:2)
  5 death yaks (Lair:5)
  An orc high priest (Orc:1)
  2 vampire magi (Crypt:1)
  A spriggan berserker (Swamp:4)
  Nergalle (Orc:1)
  15 deep elf knights
  Amaemon (Lair:3)
  A fire crab (Vaults:2)
  A fire crab (shapeshifter) (Elf:2)
  9 pharaoh ants
  A shadow wraith (Vaults:4)
  Lodul (D:11)
  A sun moth (Spider:4)
  15 swamp dragons
  11 orb spiders
  5 goliath frogs
  7 spriggan druids
  3 skeletal warriors
  9 ironbound convokers
  2 death drakes
  46 deep trolls
  2 glowing orange brains (WizLab)
  A spriggan simulacrum (D:15)
  A tengu zombie (Vaults:4)
  An orange crystal statue (IceCv)
  9 bog bodies
  8 steelbarb worms
  5 deep elf archers
  13 wizards
  25 deep elf pyromancers
  A wolf spider zombie (D:15)
  4 necromancers
  3 phantasmal warriors
  An iron dragon zombie (Vaults:4)
  6 orc knights
  A shining eye (Vaults:1)
  7 lindwurms
  2 orc sorcerers
  3 will-o-the-wisps (Swamp:4)
  41 ugly things
  19 deep elf zephyrmancers
  A mana viper (D:11)
  4 oklob plants (Lair:5)
  22 wolf spiders
  3 manticores
  2 worldbinders (WizLab)
  3 moths of wrath (Spider:4)
  A cyclops (D:12)
  An elf zombie (Vaults:4)
  A water nymph (WizLab)
  13 vault sentinels
  2 black mambas
  An orange demon (Lair:3)
  4 gargoyles
  7 torpor snails
  15 demonic crawlers
  10 cane toads
  3 centaur skeletons (D:15)
  4 freezing wraiths
  2 rime drakes
  4 kobold demonologists
  4 anaconda simulacra
  An entropy weaver simulacrum (D:15)
  10 komodo dragons
  4 tengu conjurers
  39 yaktaurs
  2 golden dragon simulacra (IceCv)
  7 meliai
  6 polar bears
  10 trolls
  15 hornets
  22 tarantellas
  Prince Ribbit (D:5)
  6 tyrant leeches
  10 blink frogs
  A dream sheep (Lair:6)
  39 jumping spiders
  29 slime creatures
  5 centaur simulacra
  19 culicivoras
  An air elemental (Elf:2)
  2 shadows
  A vampire (D:10)
  Grum (D:11)
  7 wyverns
  6 wraiths
  A dire elephant simulacrum (IceCv)
  4 basilisks
  7 hogs (Spider:1)
  21 spriggans
  56 yaks
  44 redbacks
  4 steam dragons
  6 vampire mosquitoes
  3 minotaur simulacra (D:15)
  A redback (shapeshifter) (WizLab)
  Edmund (D:5)
  A harpy simulacrum (IceCv)
  2 acid dragons
  13 swamp worms
  7 wargs
  15 water moccasins
  A floating eye (WizLab)
  A hydra simulacrum (IceCv)
  A sky beast (D:5)
  9 swamp drakes
  21 orc warriors
  An ettin simulacrum (IceCv)
  An ice dragon simulacrum (Gauntlet)
  2 ice beasts
  4 black bears
  30 wolves
  26 ogres
  15 boggarts
  3 centaurs
  8 kobold brigands
  2 gnoll sergeants
  12 bullfrogs
  4 scorpions
  A deep troll simulacrum (D:15)
  4 necrophages
  A warg zombie (Crypt:1)
  13 wights
  A vampire bat (Lair:2)
  3 electric eels
  8 howler monkeys
  15 jellies
  4 hounds
  19 orc priests
  4 iguanas
  Ijyb (D:4)
  24 orc wizards
  15 gnolls
  5 adders
  A white imp (D:8)
  An ufetubus (D:5)
  6 worms
  2 dart slugs
  76 orcs
  7 endoplasms
  5 giant cockroaches
  4 goblins
  4 hobgoblins
  3 quokkas
  6 ball pythons
  13 bats
  5 frilled lizards
  24 kobolds
  5 rats
  13 foxfires (Swamp:4)
  45 fungi
  65 plants
  2 starspawn tentacles (WizLab)
1624 creatures vanquished.

Notes
Turn   | Place    | Note
-------+----------+-------------------------------------------
     0 | D:1      | Reached skill level 10 in Long Blades
     0 | D:1      | jfcaron the Gnoll Wanderer began the quest for the Orb.
     0 | D:1      | jfcaron set off with the following items: a +3 falchion, a
                  | potion of lignification, a +0 leather armour
     0 | D:1      | Reached XP level 1. HP: 23/23 MP: 2/2
   517 | D:1      | Reached XP level 2. HP: 24/29 MP: 3/3
  1147 | D:2      | Found Lackiluc's Book Boutique.
  1156 | D:2      | Found Namiel's Book Boutique.
  1251 | D:2      | Found Uciliah's Antique Weapon Shoppe.
  1261 | D:2      | Reached XP level 3. HP: 35/35 MP: 4/4
  1464 | D:2      | Found Keuweow's Distillery.
  1469 | D:2      | Bought a potion of curing for 39 gold pieces
  1470 | D:2      | Found Olyupul's Assorted Antiques.
  2121 | D:2      | Bought a fizzy cyan potion for 29 gold pieces
  2228 | D:3      | Found a faded altar of an unknown god.
  2542 | D:3      | Reached skill level 1 in Short Blades
  2542 | D:3      | Reached skill level 1 in Axes
  2542 | D:3      | Reached skill level 1 in Maces & Flails
  2542 | D:3      | Reached skill level 1 in Polearms
  2542 | D:3      | Reached skill level 1 in Staves
  2542 | D:3      | Reached skill level 1 in Slings
  2542 | D:3      | Reached skill level 1 in Bows
  2542 | D:3      | Reached skill level 1 in Crossbows
  2542 | D:3      | Reached skill level 1 in Throwing
  2542 | D:3      | Reached skill level 1 in Armour
  2542 | D:3      | Reached skill level 1 in Dodging
  2542 | D:3      | Reached skill level 1 in Shields
  2542 | D:3      | Reached skill level 1 in Unarmed Combat
  2542 | D:3      | Reached skill level 1 in Spellcasting
  2542 | D:3      | Reached skill level 1 in Evocations
  2680 | D:3      | Reached XP level 4. HP: 41/41 MP: 6/6
  3127 | D:4      | Reached skill level 1 in Conjurations
  3127 | D:4      | Reached skill level 1 in Hexes
  3127 | D:4      | Reached skill level 1 in Summonings
  3127 | D:4      | Reached skill level 1 in Necromancy
  3127 | D:4      | Reached skill level 1 in Translocations
  3127 | D:4      | Reached skill level 1 in Transmutations
  3127 | D:4      | Reached skill level 1 in Fire Magic
  3127 | D:4      | Reached skill level 1 in Ice Magic
  3127 | D:4      | Reached skill level 1 in Air Magic
  3127 | D:4      | Reached skill level 1 in Earth Magic
  3127 | D:4      | Reached skill level 1 in Poison Magic
  3141 | D:4      | Found a shimmering altar of Xom.
  3143 | D:4      | Found a hide-covered altar of Uskayaw.
  3249 | D:4      | Reached XP level 5. HP: 47/47 MP: 7/7
  3379 | D:2      | Bought a potion of degeneration for 13 gold pieces
  3387 | D:2      | Bought a scroll labelled BOMATU BIFO for 33 gold pieces
  3590 | D:4      | Found an iron altar of Okawaru.
  4111 | D:4      | Noticed Ijyb
  4113 | D:4      | Killed Ijyb
  4120 | D:4      | Reached XP level 6. HP: 35/53 MP: 8/8
  4444 | D:2      | Bought 2 murky emerald potions for 59 gold pieces
  4512 | D:5      | Entered Level 5 of the Dungeon
  4521 | D:5      | Reached skill level 11 in Long Blades
  4521 | D:5      | Reached skill level 5 in Stealth
  4521 | D:5      | Reached XP level 7. HP: 62/62 MP: 8/14
  4522 | D:5      | Reached skill level 5 in Short Blades
  4522 | D:5      | Reached skill level 12 in Long Blades
  4522 | D:5      | Reached skill level 5 in Axes
  4522 | D:5      | Reached skill level 5 in Maces & Flails
  4522 | D:5      | Reached skill level 5 in Polearms
  4522 | D:5      | Reached skill level 5 in Staves
  4522 | D:5      | Reached skill level 5 in Slings
  4522 | D:5      | Reached skill level 5 in Bows
  4522 | D:5      | Reached skill level 5 in Crossbows
  4522 | D:5      | Reached skill level 5 in Throwing
  4522 | D:5      | Reached skill level 5 in Armour
  4522 | D:5      | Reached skill level 5 in Dodging
  4522 | D:5      | Reached skill level 5 in Shields
  4522 | D:5      | Reached skill level 5 in Unarmed Combat
  4522 | D:5      | Reached skill level 5 in Spellcasting
  4522 | D:5      | Reached skill level 5 in Evocations
  4522 | D:5      | Reached XP level 8. HP: 71/71 MP: 8/16
  4704 | D:5      | Noticed Edmund
  4710 | D:5      | Killed Edmund
  4912 | D:5      | Reached skill level 5 in Conjurations
  4912 | D:5      | Reached skill level 5 in Hexes
  4912 | D:5      | Reached skill level 5 in Summonings
  4912 | D:5      | Reached skill level 5 in Necromancy
  4912 | D:5      | Reached skill level 5 in Translocations
  4912 | D:5      | Reached skill level 5 in Transmutations
  4912 | D:5      | Reached skill level 5 in Fire Magic
  4912 | D:5      | Reached skill level 5 in Ice Magic
  4912 | D:5      | Reached skill level 5 in Air Magic
  4912 | D:5      | Reached skill level 5 in Earth Magic
  4912 | D:5      | Reached skill level 5 in Poison Magic
  4936 | D:5      | Noticed Prince Ribbit
  4939 | D:5      | Killed Prince Ribbit
  5005 | D:5      | Noticed a yak
  5005 | D:5      | Noticed a yak
  5005 | D:5      | Noticed a yak
  5103 | D:5      | Noticed a yak
  5283 | D:5      | Noticed a yak
  5285 | D:5      | Noticed a yak
  5292 | D:5      | Killed a yak
  5293 | D:5      | Reached XP level 9. HP: 76/76 MP: 18/18
  6057 | D:2      | Bought a potion of mutation for 104 gold pieces
  6179 | D:6      | Found a staircase to the Ecumenical Temple.
  6188 | Temple   | Entered the Ecumenical Temple
  6260 | Temple   | Became a worshipper of Elyvilon the Healer
  6283 | D:6      | Found Astaosiv's Antique Armour Shoppe.
  6293 | D:6      | Noticed a hornet
  6324 | D:5      | Upgraded the game from 0.29-a0-251-g80730f7218 to
                  | 0.29-a0-266-gf56f883ddd
  6686 | D:6      | Reached XP level 10. HP: 74/83 MP: 19/19
  6946 | D:6      | Noticed a two-headed ogre
  6976 | D:7      | Noticed a gargoyle
  6986 | D:7      | Killed a gargoyle
  7675 | D:7      | Reached * piety under Elyvilon
  8755 | D:8      | Found a snail-covered altar of Cheibriados.
  8766 | D:8      | Fell from the grace of Elyvilon
  8766 | D:8      | Became a worshipper of Cheibriados the Contemplative
  9059 | D:8      | Paralysed by a gnoll sergeant for 5 turns
  9621 | D:8      | Paralysed by a gnoll sergeant for 4 turns
 10169 | D:6      | Bought a runed cloak for 195 gold pieces
 10211 | D:6      | Killed a two-headed ogre
 10214 | D:6      | Reached * piety under Cheibriados
 10653 | D:6      | Found a glowing golden altar of the Shining One.
 11001 | D:6      | Found a hazy altar of Hepliaklqana.
 11174 | D:9      | Paralysed by a hornet for 2 turns
 11179 | D:9      | Reached XP level 11. HP: 58/89 MP: 21/21
 11538 | D:9      | Found a blossoming altar of Fedhas.
 12048 | D:9      | Identified the +2 robe of the Supporting Gods {rElec rC+
                  | Dex-3 Slay+2}
 12458 | D:10     | Entered Level 10 of the Dungeon
 12632 | D:10     | Reached ** piety under Cheibriados
 13001 | D:10     | Found a burning altar of Makhleb.
 13045 | D:10     | Found a staircase to the Lair.
 13259 | D:10     | Noticed a two-headed ogre
 13265 | D:10     | Killed a two-headed ogre
 13708 | Lair:1   | Entered Level 1 of the Lair of Beasts
 14283 | Lair:1   | Reached *** piety under Cheibriados
 14284 | Lair:1   | Reached skill level 10 in Fighting
 15043 | Lair:1   | Reached XP level 12. HP: 80/97 MP: 23/23
 15766 | Lair:2   | Identified the +0 leather armour of Jigsaw {rF+++ Slay+6
                  | Stlth-}
 15842 | Lair:2   | Reached **** piety under Cheibriados
 15853 | Lair:2   | HP: 18/97 [yak (9)]
 16253 | Lair:2   | Found a hole to the Spider Nest.
 17171 | D:6      | Bought an ancient buckler for 247 gold pieces
 17171 | D:6      | Identified the +0 buckler of Impermeability {rC- Str+9}
                  | (You bought it in a shop on level 6 of the Dungeon)
 17678 | Lair:3   | Reached ***** piety under Cheibriados
 17679 | Lair:3   | Reached skill level 13 in Long Blades
 18010 | Lair:3   | Noticed Amaemon
 18048 | Lair:3   | Killed Amaemon
 18693 | Lair:3   | Found a staircase to the Swamp.
 18814 | Lair:4   | Noticed a four-headed hydra
 18820 | Lair:4   | Killed a four-headed hydra
 18851 | Lair:4   | Found a gate leading to a gauntlet.
 18874 | Gauntlet | Entered a Gauntlet
 18874 | Gauntlet | Noticed an entropy weaver
 18874 | Gauntlet | Found a transporter.
 18877 | Gauntlet | Found a transporter.
 18894 | Gauntlet | Found a transporter.
 18897 | Gauntlet | Found a transporter.
 18900 | Gauntlet | Noticed a quicksilver ooze
 18917 | Gauntlet | Found a transporter.
 18930 | Gauntlet | Found a transporter.
 18930 | Gauntlet | Noticed a reaper
 18933 | Gauntlet | Found a transporter.
 18946 | Gauntlet | Found a transporter.
 18946 | Gauntlet | Noticed a quicksilver ooze
 18948 | Gauntlet | Found a transporter.
 18951 | Gauntlet | Found a transporter.
 18956 | Gauntlet | Found a transporter.
 18991 | Gauntlet | Noticed a five-headed hydra
 18998 | Gauntlet | Found a transporter.
 19186 | Gauntlet | Reached XP level 13. HP: 84/104 MP: 25/25
 19469 | Gauntlet | Identified the +5 hat of the Blue Moon {Rampage rElec MP-9}
 19494 | Gauntlet | Identified the ring of Jamykoer {Fly rElec MP+9}
 19512 | Gauntlet | Identified the +4 great mace "Ibbi" {freeze, Fly rF+}
 19512 | Gauntlet | Noticed a minotaur
 19520 | Gauntlet | Killed a minotaur
 19528 | Gauntlet | Identified the +3 cloak of Mental Paralysis {rPois Slay+2}
 19529 | Gauntlet | Got the Papyrus of the Harmful Entourage
 19600 | Gauntlet | Upgraded the game from 0.29-a0-266-gf56f883ddd to
                  | 0.29-a0-270-g1586fc07ea
 19916 | Lair:4   | HP: 13/104 [komodo dragon (21)]
 21136 | Lair:4   | Learned a level 2 spell: Passwall
 21231 | Lair:5   | HP: 15/105 [death yak (19)]
 21594 | Lair:5   | Reached skill level 10 in Invocations
 21626 | Lair:5   | Noticed Josephine
 21633 | Lair:5   | Killed Josephine
 22033 | Lair:5   | Identified a scroll of acquirement
 22033 | Lair:5   | Acquired the amulet "Viulajiuf" {Reflect Str+6 SH+5 SInv}
 24179 | Lair:6   | Entered Level 6 of the Lair of Beasts
 24300 | Lair:5   | Reached XP level 14. HP: 112/113 MP: 27/27
 24837 | Lair:6   | Identified the +2 leather armour of Beog {rF- Dex+5}
 24921 | Lair:6   | Reached ****** piety under Cheibriados
 24928 | Lair:6   | Learned a level 3 spell: Mephitic Cloud
 25341 | Lair:6   | Found a staircase to the Slime Pits.
 27150 | D:2      | Bought a glowing helmet for 247 gold pieces
 27191 | D:2      | Bought a potion of might for 52 gold pieces
 27191 | D:2      | Bought a potion of curing for 39 gold pieces
 27191 | D:2      | Bought a potion of cancellation for 104 gold pieces
 27562 | D:11     | Noticed Lodul
 27687 | D:11     | Noticed Harold
 27693 | D:11     | Killed Harold
 27799 | D:11     | Found a staircase to the Orcish Mines.
 27842 | D:11     | Killed Lodul
 27843 | D:11     | Reached skill level 10 in Stealth
 28133 | D:11     | Noticed Snorg
 28135 | D:11     | Noticed Snorg
 28135 | D:11     | Snorg changed into Snorg the mana viper
 28140 | D:11     | Killed Snorg the mana viper
 28155 | D:11     | Reached skill level 14 in Long Blades
 28302 | D:11     | Noticed Grum
 28314 | D:11     | Killed Grum
 28645 | Orc:1    | Entered Level 1 of the Orcish Mines
 28645 | Orc:1    | Noticed Nergalle
 28659 | Orc:1    | Killed Nergalle
 29004 | Orc:2    | Entered Level 2 of the Orcish Mines
 29276 | Orc:2    | Learned a level 3 spell: Frozen Ramparts
 29280 | Orc:2    | Learned a level 3 spell: Ozocubu's Armour
 29286 | Orc:2    | Learned a level 4 spell: Flame Wave
 29720 | Orc:2    | Found a staircase to the Elven Halls.
 30762 | Orc:2    | Found a runed translucent door.
 30764 | Orc:2    | Noticed petzl's ghost (journeyman FoAM)
 30866 | Orc:2    | Reached XP level 15. HP: 116/117 MP: 28/28
 30867 | Orc:2    | Reached skill level 10 in Short Blades
 30867 | Orc:2    | Reached skill level 10 in Axes
 30867 | Orc:2    | Reached skill level 10 in Maces & Flails
 30867 | Orc:2    | Reached skill level 10 in Polearms
 30867 | Orc:2    | Reached skill level 10 in Staves
 30867 | Orc:2    | Reached skill level 10 in Slings
 30867 | Orc:2    | Reached skill level 10 in Bows
 30867 | Orc:2    | Reached skill level 10 in Crossbows
 30867 | Orc:2    | Reached skill level 10 in Throwing
 30867 | Orc:2    | Reached skill level 10 in Armour
 30867 | Orc:2    | Reached skill level 10 in Dodging
 30867 | Orc:2    | Reached skill level 10 in Shields
 30867 | Orc:2    | Reached skill level 10 in Unarmed Combat
 30867 | Orc:2    | Reached skill level 10 in Spellcasting
 30867 | Orc:2    | Reached skill level 10 in Evocations
 31046 | Orc:2    | Found Eloynnuy's Magic Scroll Shop.
 31046 | Orc:2    | Found Axefax's Distillery.
 31050 | Orc:2    | Found Kaynk's Weapon Shoppe.
 31050 | Orc:2    | Found Agics's Jewellery Boutique.
 31375 | Orc:2    | Bought a potion of heal wounds for 60 gold pieces
 31375 | Orc:2    | Bought a potion of heal wounds for 60 gold pieces
 31375 | Orc:2    | Bought a potion of heal wounds for 60 gold pieces
 31375 | Orc:2    | Bought a potion of curing for 36 gold pieces
 31375 | Orc:2    | Bought a potion of invisibility for 96 gold pieces
 31376 | Orc:2    | Bought 2 scrolls of blinking for 195 gold pieces
 31425 | Orc:2    | Killed petzl's ghost
 33069 | D:13     | Noticed Jorgrun
 33084 | D:13     | Killed Jorgrun
 33603 | D:13     | Found a gate to the Vaults.
 33680 | D:13     | Upgraded the game from 0.29-a0-270-g1586fc07ea to
                  | 0.29-a0-271-gd4eb659eea
 33750 | D:13     | Noticed Sonja
 33751 | D:13     | Noticed Sonja
 33751 | D:13     | Sonja changed into Sonja the blink frog
 33763 | D:13     | Killed Sonja the blink frog
 34446 | D:14     | Acquired 978 gold pieces
 34552 | D:14     | Reached XP level 16. HP: 85/129 MP: 25/30
 35026 | D:14     | Identified the +1 ring mail of Green Leaves {rPois}
 35347 | D:2      | Bought a manual of Long Blades for 1040 gold pieces
 35560 | D:15     | Entered Level 15 of the Dungeon
 35575 | D:15     | Identified the +3 ring mail of Tuor {Int+4}
 35592 | D:15     | Found a frozen archway.
 35635 | D:15     | HP: 21/129 [minotaur simulacrum (7)]
 35777 | IceCv    | Entered an ice cave
 35881 | IceCv    | Found a transporter.
 35899 | IceCv    | Found a transporter.
 36468 | D:15     | Reached skill level 15 in Long Blades
 36585 | D:15     | Found a staircase to the Depths.
 37508 | Spider:1 | Entered Level 1 of the Spider Nest
 37735 | Spider:1 | Found the +3 robe of Clouds {*Thunder rCloud rElec}
 37759 | Spider:1 | Noticed Kirke
 37921 | Spider:1 | Killed Kirke
 38320 | Spider:1 | Noticed Rupert
 38320 | Spider:1 | Noticed Nikola
 38330 | Spider:1 | Killed Rupert
 38331 | Spider:1 | Killed Nikola
 38332 | Spider:1 | Reached skill level 10 in Ice Magic
 39225 | Spider:1 | Noticed Frances
 39238 | Spider:1 | Killed Frances
 39373 | Spider:1 | Reached XP level 17. HP: 136/136 MP: 32/32
 40008 | Spider:1 | Noticed Agnes
 40018 | Spider:1 | Killed Agnes
 40858 | Spider:2 | Identified the +1 ring mail of Inviolability {rC- rCorr
                  | Int+8}
 42017 | Orc:2    | Bought 2 poisoned darts for 12 gold pieces
 42018 | Orc:2    | Bought a scroll of silence for 97 gold pieces
 42018 | Orc:2    | Bought a scroll of holy word for 97 gold pieces
 42018 | Orc:2    | Bought a scroll of immolation for 45 gold pieces
 42018 | Orc:2    | Bought a scroll of immolation for 45 gold pieces
 42019 | Orc:2    | Bought a potion of mutation for 96 gold pieces
 42019 | Orc:2    | Bought 2 potions of magic for 192 gold pieces
 42237 | Spider:2 | Reached skill level 16 in Long Blades
 42251 | Spider:3 | Upgraded the game from 0.29-a0-271-gd4eb659eea to
                  | 0.29-a0-275-g389c0b56f3
 42592 | Spider:3 | Reached skill level 10 in Conjurations
 42592 | Spider:3 | Reached skill level 10 in Hexes
 42592 | Spider:3 | Reached skill level 10 in Summonings
 42592 | Spider:3 | Reached skill level 10 in Necromancy
 42592 | Spider:3 | Reached skill level 10 in Translocations
 42592 | Spider:3 | Reached skill level 10 in Transmutations
 42592 | Spider:3 | Reached skill level 10 in Fire Magic
 42592 | Spider:3 | Reached skill level 10 in Air Magic
 42592 | Spider:3 | Reached skill level 10 in Earth Magic
 42592 | Spider:3 | Reached skill level 10 in Poison Magic
 44243 | Spider:3 | Noticed Bai Suzhen
 44258 | Spider:3 | Killed Bai Suzhen
 44726 | Spider:4 | Entered Level 4 of the Spider Nest
 44726 | Spider:4 | Noticed Arachne
 44742 | Spider:3 | Killed Arachne
 45576 | Spider:3 | Reached XP level 18. HP: 125/145 MP: 34/34
 45967 | Spider:4 | Noticed Asterion
 46739 | Spider:4 | Killed Asterion
 47054 | Spider:4 | Noticed Roxanne
 47165 | Spider:4 | Reached skill level 17 in Long Blades
 47976 | Spider:4 | Identified the +0 hat of the Iron Devil {Rampage rPois
                  | Str-5 Int+3}
 47992 | Spider:4 | Got a gossamer rune of Zot
 48048 | Spider:4 | Learned a level 5 spell: Lee's Rapid Deconstruction
 48053 | Spider:4 | Killed Roxanne
 48159 | Spider:4 | Learned a level 5 spell: Irradiate
 48667 | Swamp:1  | Entered Level 1 of the Swamp
 50635 | Swamp:3  | Noticed a tentacled monstrosity
 50646 | Swamp:3  | Killed a tentacled monstrosity
 50810 | Swamp:3  | Reached XP level 19. HP: 114/152 MP: 35/35
 50917 | Swamp:3  | Noticed Louise
 50919 | Swamp:3  | Noticed Louise
 50919 | Swamp:3  | Louise changed into Louise the death drake
 50928 | Swamp:3  | Killed Louise the death drake
 51856 | Swamp:4  | Entered Level 4 of the Swamp
 52184 | Swamp:4  | Found a transporter.
 52225 | Swamp:4  | Noticed Strat's ghost (adept TeAE)
 52300 | Swamp:4  | Found a transporter.
 52807 | Swamp:4  | Killed Strat's ghost
 52895 | Swamp:4  | Learned a level 5 spell: Freezing Cloud
 53067 | Swamp:4  | Reached skill level 18 in Long Blades
 53117 | Swamp:4  | Noticed the 27-headed Lernaean hydra
 53135 | Swamp:4  | Killed the 27-headed Lernaean hydra
 53308 | Swamp:4  | Got a decaying rune of Zot
 54239 | Elf:1    | Entered Level 1 of the Elven Halls
 54313 | Elf:1    | Found a flickering gateway to a bazaar.
 54333 | Bazaar   | Entered a bazaar
 54395 | Bazaar   | Found Ebbeffag's Book Shoppe.
 54395 | Bazaar   | Found Zilohi's Assorted Antiques.
 54417 | Bazaar   | Found Gipyaf's Antique Weapon Shoppe.
 54417 | Bazaar   | Found Hacas's Jewellery Emporium.
 54439 | Bazaar   | Found Rutuz's Magic Scroll Emporium.
 54506 | Bazaar   | Bought a masterwork plate armour for 420 gold pieces
 54506 | Bazaar   | Identified the +2 plate armour "Pite" {rPois rF+ Int+3}
                  | (You bought it in a shop in a bazaar)
 54508 | Bazaar   | Bought an opal-encrusted leather armour for 105 gold pieces
 54508 | Bazaar   | Identified the +2 leather armour "Dimouvoo" {Rampage rPois
                  | rC- Str-3} (You bought it in a shop in a bazaar)
 54511 | Bazaar   | Bought a faintly glowing scale mail for 135 gold pieces
 54511 | Bazaar   | Identified the +6 scale mail "Tuniopn" {-Tele Regen+ rCorr
                  | Str+5} (You bought it in a shop in a bazaar)
 54518 | Bazaar   | Bought an embroidered robe for 55 gold pieces
 54521 | Bazaar   | Bought a scroll labelled ECEALL TOSHO for 15 gold pieces
 54550 | Bazaar   | Bought 3 scrolls of vulnerability for 270 gold pieces
 54550 | Bazaar   | Bought a scroll of teleportation for 36 gold pieces
 54550 | Bazaar   | Bought a scroll of fear for 42 gold pieces
 54550 | Bazaar   | Bought a scroll of amnesia for 42 gold pieces
 56439 | Elf:2    | Found Effer's Jewellery Shoppe.
 56604 | Elf:2    | Found Goon's Book Boutique.
 56607 | Elf:2    | Found Kop Muce's Book Boutique.
 56635 | Elf:2    | Found a runed translucent door.
 56640 | Elf:2    | Noticed Eveboq's ghost (adept HuCj)
 56794 | Elf:2    | Found Domithrugu's Armour Shoppe.
 57035 | Elf:2    | Found a huge runed translucent gate.
 57035 | Elf:2    | Found a huge runed translucent gate.
 57035 | Elf:2    | Found a huge runed translucent gate.
 57042 | Elf:2    | Found a huge runed translucent gate.
 57042 | Elf:2    | Found a huge runed translucent gate.
 57172 | Elf:2    | Killed Eveboq's ghost
 57310 | Elf:2    | Reached XP level 20. HP: 120/161 MP: 37/37
 58066 | Elf:2    | Reached skill level 15 in Invocations
 58254 | Elf:2    | Reached skill level 15 in Fighting
 59631 | Vaults:1 | Entered Level 1 of the Vaults
 60461 | Vaults:1 | Found a transporter.
 60503 | Vaults:1 | Found a transporter.
 60505 | Vaults:1 | Found the dreamshard necklace {*Dream Drain}
 60732 | Vaults:1 | Found Gamothr Ejeuph's Book Shoppe.
 60926 | Vaults:1 | Gained mutation: You possess an exceptional clarity of
                  | mind. [a shining eye]
 60928 | Vaults:1 | Gained mutation: Your spells are a little easier to cast,
                  | but a little less powerful. [a shining eye]
 61577 | Vaults:2 | Reached skill level 19 in Long Blades
 61603 | Vaults:2 | Noticed Donald
 61611 | Vaults:2 | Killed Donald
 62342 | Vaults:2 | Reached XP level 21. HP: 122/169 MP: 30/39
 62560 | Vaults:2 | Found a staircase to the Crypt.
 63338 | Vaults:2 | Found Askoqups's Antique Armour Shoppe.
 65374 | Vaults:3 | Identified the +3 chain mail of the Camelopard {-Cast rF++}
 65938 | Vaults:4 | Reached skill level 20 in Long Blades
 66057 | Vaults:4 | Noticed Sojobo
 66060 | Vaults:4 | Paralysed by an air elemental for 1 turns
 66064 | Vaults:4 | Killed Sojobo
 66065 | Vaults:4 | Reached skill level 15 in Ice Magic
 66201 | Vaults:4 | Reached skill level 15 in Stealth
 66252 | Vaults:4 | Reached XP level 22. HP: 178/178 MP: 12/40
 67456 | Crypt:1  | Entered Level 1 of the Crypt
 67545 | Crypt:1  | Found a magical portal.
 67553 | WizLab   | Entered Alistair's Party Mansion
 67950 | WizLab   | Reached skill level 15 in Short Blades
 67950 | WizLab   | Reached skill level 15 in Axes
 67950 | WizLab   | Reached skill level 15 in Maces & Flails
 67950 | WizLab   | Reached skill level 15 in Polearms
 67950 | WizLab   | Reached skill level 15 in Staves
 67950 | WizLab   | Reached skill level 15 in Slings
 67950 | WizLab   | Reached skill level 15 in Bows
 67950 | WizLab   | Reached skill level 15 in Crossbows
 67950 | WizLab   | Reached skill level 15 in Throwing
 67950 | WizLab   | Reached skill level 15 in Armour
 67950 | WizLab   | Reached skill level 15 in Dodging
 67950 | WizLab   | Reached skill level 15 in Shields
 67950 | WizLab   | Reached skill level 15 in Unarmed Combat
 67950 | WizLab   | Reached skill level 15 in Spellcasting
 67950 | WizLab   | Reached skill level 15 in Evocations
 67986 | WizLab   | HP: 28/178 [deep elf sorcerer/bolt of acid (28)]
 67986 | WizLab   | Killed from afar by a deep elf sorcerer

Illustrated notes

Levels and vault maps discovered:
D:1:      dpeg_arrival_boxes_within_box, layout_loops_ring,
          minmay_misc_feat_room, amcnicky_mini_corridor_feature
D:2:      layout_basic, serial_shops, shop, nicolae_diamond_shop, shop, shop,
          shop, minivault_5, minmay_diced_spiral
D:3:      layout_loops_ring, ebering_ecumenical_altar_sacrificial, nrook_uturn
D:4:      layout_rooms, okawaru_ov_weapons_minmay, minitemple, uniq_ijyb
D:5:      layout_basic, serial_bayou_pond_b, st_stairs_9, uniq_edmund,
          uniq_prince_ribbit1
D:6:      layout_basic, nicolae_overflow_hidden_temple,
          mainiacjoe_overflow_alcove_2, minmay_temple_entry_grid, serial_shops,
          nicolae_square_shop, minivault_11
D:7:      layout_basic, kennysheep_generic_room_4
D:8:      layout_cave_pods, slow_altar_1
D:9:      layout_loops_cross, fedhas_altar_1
D:10:     layout_basic, mainiacjoe_overflow_boulevard, david_lair_generic
D:11:     layout_basic, orc_0_dummy, uniq_snorg, uniq_harold, uniq_lodul,
          uniq_grum
D:12:     layout_gridville, nicolae_figureground_pulse
D:13:     layout_basic, david_vaults_1, minmay_misc_feat_chi,
          minmay_misc_feat_square, uniq_jorgrun, uniq_sonja
D:14:     layout_cave_pools, serial_glass, glass_columns_c, glass_columns_a
D:15:     grunt_enter_depths_magical_seal, layout_rooms,
          portal_ice_cave_entry_ice_simulacra, drop_trap
Temple:   eino_temple_lava
Lair:1:   layout_misc_corridors, serial_bayou, serial_bayou_pond_a,
          serial_bayou_crossing, serial_bayou_pond_e, serial_bayou_ford_a,
          serial_bayou_lagoon_b
Lair:2:   layout_chaotic_city, nicolae_spider_entry_non_spiders, roderic_batcave
Lair:3:   layout_regular_city, nicolae_swamp_entry_splash_gauntlet,
          infiniplex_staircase_pool, uniq_amaemon
Lair:4:   layout_gridlike, gauntlet_entry_generic, dreamdust_deal_with_the_devil
Lair:5:   layout_cave_pods, minmay_holes, disabler_island, uniq_josephine
Lair:6:   minmay_lair_end_enchanted_forest, layout_hall_layers,
          minmay_slime_entry_jelly_boxes, serial_bayou_shore_a
Swamp:1:  layout_falls_marsh, hangedman_swamp_lotus
Swamp:2:  layout_basic_swamp, nicolae_swamp_tree_isthmus
Swamp:3:  layout_basic_swamp, serial_swamp_ruin, evilmike_swamp_ruin_rubble_2,
          evilmike_swamp_ruin_house_4, swamp_pool1, uniq_louise
Swamp:4:  swamp_old_school, layout_basic_swamp, gammafunk_ghost_arena
Spider:1: layout_chambers, uniq_agnes, uniq_frances, uniq_kirke, uniq_nikola,
          uniq_rupert
Spider:2: layout_cave_pods
Spider:3: layout_spider_delve, worms_lemuel, uniq_bai_suzhen
Spider:4: hellmonk_spider_rune_endless_swarm, uniq_roxanne, uniq_asterion,
          uniq_arachne
Orc:1:    layout_caves, guppyfry_orc_lava_fort, uniq_nergalle
Orc:2:    st_orc_ogre_mass, layout_diamond_mine, basic_altar,
          gammafunk_ghost_grave, nicolae_orc_stony_grotto
Elf:1:    eino_elf_arrival_the_gate, layout_loops_corners, serial_shops,
          bzr_entry_safe, hangedman_elf_disciples
Elf:2:    elven_hall_of_blades_hangedman_alternative
          [nicolae_blade_entry_area_security], layout_geoelf_octagon,
          serial_shops, nicolae_shop_behind_doors, shop, nicolae_stop_n_shop_2,
          nicolae_shop_crystal, ebering_ghost_inner_flame,
          lemuel_flamethrower_hall
Vaults:1: gammafunk_dig_for_victory, ontoclasm_vaults_loading_screen,
          v_alt_pattern_5, serial_ice_b, vaults_room_grid,
          hangedman_vaults_trim, vaults_room_hallway,
          grunt_vaults_hallway_short, layout_vaults_omnibox, serial_shops,
          nicolae_square_shop
Vaults:2: vaults_room_glass_cross, hangedman_vaults_capsules,
          nicolae_vaults_border_crossing, v_misc_17,
          nicolae_vaults_stairing_the_circle, vaults_dpeg_diagonal,
          vaults_dpeg_ring, vaults_standard_mumra_enter_the_diamond,
          nicolae_vaults_alarming, nicolae_vaults_what_the_h,
          layout_vaults_ring, dummy_crypt_entry, serial_shops, shop, uniq_donald
Vaults:3: st_cells, vaults_room_fours, ontoclasm_vaults_ring_square,
          nicolae_vaults_diagonal_hallway_7, ontoclasm_vaults_pinch,
          vaults_mumra_chevron, layout_vaults_quadrants
Vaults:4: grunt_vaults_diagonal, st_star, v_misc_9, v_alt_pattern_1,
          vaults_room_hallway, vaults_room_door_ring, v_alt_pattern_6,
          v_misc_23, layout_vaults_big_room, uniq_sojobo
Crypt:1:  layout_regular_city, basic_altar, mu_enter_wizlab_1,
          grunt_crypt_arrival_split
WizLab:   wizlab_alistair

Skill      XL: |  1  2  3  4  5  6  7  8  9 10 11 12 13 14 15 16 17 18 19 20 21 22 |
---------------+-------------------------------------------------------------------+-----
Long Blades    | 11 12 13 14 15 16 17 18 19 20 | 20.4
Short Blades   | 1 4 5 6 7 8 9 10 11 12 13 14 15 | 15.0
Axes           | 1 4 5 6 7 8 9 10 11 12 13 14 15 | 15.0
Maces & Flails | 1 4 5 6 7 8 9 10 11 12 13 14 15 | 15.0
Polearms       | 1 4 5 6 7 8 9 10 11 12 13 14 15 | 15.0
Staves         | 1 4 5 6 7 8 9 10 11 12 13 14 15 | 15.0
Slings         | 1 4 5 6 7 8 9 10 11 12 13 14 15 | 15.0
Bows           | 1 4 5 6 7 8 9 10 11 12 13 14 15 | 15.0
Crossbows      | 1 4 5 6 7 8 9 10 11 12 13 14 15 | 15.0
Throwing       | 1 4 5 6 7 8 9 10 11 12 13 14 15 | 15.0
Armour         | 1 4 5 6 7 8 9 10 11 12 13 14 15 | 15.0
Dodging        | 1 4 5 6 7 8 9 10 11 12 13 14 15 | 15.0
Shields        | 1 4 5 6 7 8 9 10 11 12 13 14 15 | 15.0
Unarmed Combat | 1 4 5 6 7 8 9 10 11 12 13 14 15 | 15.0
Spellcasting   | 1 4 5 6 7 8 9 10 11 12 13 14 15 | 15.0
Evocations     | 1 4 5 6 7 8 9 10 11 12 13 14 15 | 15.0
Conjurations   | 1 4 5 6 7 8 9 10 11 12 | 12.7
Hexes          | 1 4 5 6 7 8 9 10 11 12 | 12.7
Summonings     | 1 4 5 6 7 8 9 10 11 12 | 12.7
Necromancy     | 1 4 5 6 7 8 9 10 11 12 | 12.7
Translocations | 1 4 5 6 7 8 9 10 11 12 | 12.7
Transmutations | 1 4 5 6 7 8 9 10 11 12 | 12.7
Fire Magic     | 1 4 5 6 7 8 9 10 11 12 | 12.7
Ice Magic      | 1 4 5 6 7 8 9 10 11 12 13 14 15 | 15.4
Air Magic      | 1 4 5 6 7 8 9 10 11 12 | 12.7
Earth Magic    | 1 4 5 6 7 8 9 10 11 12 | 12.7
Poison Magic   | 1 4 5 6 7 8 9 10 11 12 | 12.7
Invocations    | 3 6 7 8 9 10 11 12 13 14 15 16 | 16.4
Fighting       | 8 9 10 11 12 13 14 15 16 | 16.2
Stealth        | 5 6 7 8 9 10 11 12 13 14 15 | 15.2

Action                   |  1- 3 |  4- 6 |  7- 9 | 10-12 | 13-15 | 16-18 | 19-21 | 22-24 || total
-------------------------+-------+-------+-------+-------+-------+-------+-------+-------++-------
Melee: Falchion          |    86 |    63 |    88 |       |       |       |       |       ||   237
       Bite              |     8 |     8 |    19 |   104 |   205 |   307 |   113 |    18 ||   782
       Punch             |       |     1 |     5 |     2 |       |       |       |       ||     8
       Long sword        |       |       |    21 |   650 |   233 |       |     8 |       ||   912
       Flail             |       |       |     8 |    28 |     7 |       |       |       ||    43
       Short sword       |       |       |       |     7 |     3 |       |       |       ||    10
       Scimitar          |       |       |       |       |   792 |  1104 |    63 |       ||  1959
       Demon whip        |       |       |       |       |     5 |   452 |       |       ||   457
       Eveningstar       |       |       |       |       |       |       |   256 |       ||   256
       Double sword      |       |       |       |       |       |       |   314 |   100 ||   414
 Fire: Hand crossbow     |       |       |       |       |   114 |       |   364 |    16 ||   494
Throw: Stone             |   107 |    44 |     5 |   107 |   540 |    30 |       |       ||   833
       Dart              |     5 |     7 |    55 |    85 |    80 |   240 |    23 |     1 ||   496
       Boomerang         |       |       |    17 |   154 |       |     3 |       |       ||   174
       Javelin           |       |       |       |       |     7 |    25 |     4 |     3 ||    39
       Throwing net      |       |       |       |       |       |     1 |       |       ||     1
 Cast: Flame Wave        |       |       |       |       |     4 |     7 |    23 |     3 ||    37
       Mephitic Cloud    |       |       |       |       |     2 |     2 |     2 |       ||     6
       Ozocubu's Armour  |       |       |       |       |     2 |       |     1 |       ||     3
       Passwall          |       |       |       |       |     1 |       |       |       ||     1
       Frozen Ramparts   |       |       |       |       |       |     1 |    25 |     4 ||    30
       Lee's Rapid Decon |       |       |       |       |       |     5 |     6 |       ||    11
       Irradiate         |       |       |       |       |       |     1 |    23 |     3 ||    27
       Freezing Cloud    |       |       |       |       |       |       |    21 |     1 ||    22
Invok: Slouch            |       |       |       |       |     6 |     4 |       |       ||    10
Evoke: Wand              |       |     3 |    13 |    17 |    23 |    50 |    30 |     2 ||   138
       Lightning rod     |       |       |       |     4 |    15 |    36 |    32 |       ||    87
       Tin of tremorston |       |       |       |       |     6 |    14 |    13 |     2 ||    35
       Box of beasts     |       |       |       |       |     5 |     4 |     3 |       ||    12
       Phial of floods   |       |       |       |       |     1 |     4 |       |       ||     5
       Condenser vane    |       |       |       |       |       |     4 |     5 |     1 ||    10
  Use: Scroll            |       |     9 |     2 |     9 |    13 |     4 |    12 |     1 ||    50
       Potion            |       |     1 |     1 |     2 |     5 |     2 |     2 |       ||    13
 Stab: Paralysed         |       |       |     7 |     8 |     2 |       |       |     2 ||    19
       Confused          |       |       |       |       |     2 |     1 |       |     2 ||     5
       Distracted        |       |       |       |       |       |     2 |     1 |       ||     3
       Invisible         |       |       |       |       |       |       |     1 |       ||     1
       Sleeping          |       |       |       |       |       |       |     1 |       ||     1
Armor: Ring mail         |    12 |       |       |       |       |       |       |       ||    12
       Scale mail        |     5 |       |       |       |       |       |       |       ||     5
       Chain mail        |    13 |    29 |    39 |    84 |       |       |       |       ||   165
       Plate armour      |       |       |       |   241 |   196 |   684 |   282 |    34 ||  1437
       Acid dragon scale |       |       |       |       |    57 |       |       |       ||    57
Dodge: Dodged            |    21 |    10 |    35 |   238 |   383 |   958 |   495 |    56 ||  2196
Block: Buckler           |       |       |       |   153 |    10 |       |       |       ||   163
       Kite shield       |       |       |       |       |   847 |  1772 |   866 |   140 ||  3625
       Reflection        |       |       |       |       |    41 |    11 |   112 |     6 ||   170

Table legend: (Time is in decaauts)
 A = Elapsed time spent in this place.
 B = Non-inter-level travel time spent in this place.
 C = Inter-level travel time spent in this place.
 D = Time resting spent in this place.
 E = Time spent auto-exploring this place.
 F = Levels seen in this place.
 G = Mean time per level.
                   A        B        C        D        E       F      G
               +--------+--------+--------+--------+--------+-----+--------+
         Total |  94925 |  81977 |  12948 |  20190 |  45963 |  43 | 2207.6 |
       Dungeon |  27681 |  22412 |   5269 |   4334 |  14015 |  15 | 1845.4 |
        Temple |     79 |     72 |      7 |      0 |     49 |   1 |   79.0 |
          Lair |  18316 |  15679 |   2637 |   4628 |   8791 |   6 | 3052.7 |
         Swamp |   7785 |   6858 |    927 |   1369 |   4004 |   4 | 1946.2 |
   Spider Nest |  14774 |  13263 |   1511 |   4704 |   6302 |   4 | 3693.5 |
  Orcish Mines |   4389 |   3820 |    569 |    850 |   2249 |   2 | 2194.5 |
   Elven Halls |   7063 |   6249 |    814 |   1851 |   2901 |   2 | 3531.5 |
        Vaults |  12143 |  11038 |   1105 |   1880 |   7283 |   4 | 3035.8 |
         Crypt |    155 |     49 |    106 |      0 |      0 |   1 |  155.0 |
        Bazaar |    537 |    537 |      0 |      0 |    213 |   1 |  537.0 |
      Ice Cave |    341 |    341 |      0 |     95 |     84 |   1 |  341.0 |
        Wizlab |    571 |    571 |      0 |    234 |      2 |   1 |  571.0 |
      Gauntlet |   1086 |   1086 |      0 |    241 |     66 |   1 | 1086.0 |
               +--------+--------+--------+--------+--------+-----+--------+

Top non-repeatable levels by time:
Spider:3: 4566 daAuts
Spider:1: 4538 daAuts
   Elf:2: 4342 daAuts
  Lair:5: 3803 daAuts
  Lair:6: 3791 daAuts
Vaults:1: 3518 daAuts
Vaults:3: 3162 daAuts
Vaults:2: 3146 daAuts
  Lair:3: 2983 daAuts
   Orc:2: 2950 daAuts
Spider:2: 2909 daAuts
  Lair:4: 2760 daAuts
Spider:4: 2759 daAuts
   Elf:1: 2721 daAuts
  Lair:2: 2715 daAuts
